AoeStats
← lothal

Baltic

510428588Analyzed
4v4 RM · 3d ago on Oct 1, 2026· 12m 27s· 8 players
Game mode
Random Map
Map size
Large (8 player)
Population
200
Speed
Normal
Resources
Standard
Victory
Conquest
Starting age
Dark Age
Ending age
Imperial Age
RankedLock teamsTeams togetherTeam positionsShared explorationLock speedFull tech treeHidden civsTurbo modeCheats
Victory
Defeat
743
+15
🇵🇪 Britons · Peru
743
+15
🇦🇷 Franks · Argentina
696
+17
🇨🇱 Romans · Chile
639
+20
🇲🇽 Japanese · Mexico
752
-18
🇯🇵 Lithuanians · Japan
736
-17
🇲🇽 Spanish · Mexico
700
-16
695
-16
lothal
0:33 Loom
13:18 Feudal Age
akarisialo
10:06 Feudal Age
10:43 Double-Bit Axe
ZzzzzzCamilaVuelvePorfavor
7:49 Loom
Admar
0:31 Loom
ROMA
0:29 Loom
lalopm9
0:52 Loom
make wall ,door and market well?
RuinMireia
Connection lost

Rejoining the realm…

Still unreachable

The connection could not be restored.

Session expired

The server has moved on; the page needs a fresh start.